 Dungeon Crawl Stone Soup version 0.30.1-9-gdf580d7c3d (webtiles) character file.

Game seed: 8881377866130926266

2195 Cheops the Arsonist (level 9, -1/68 HPs)
             Began as a Naga Fire Elementalist on Oct 14, 2023.
             Was an Initiate of Cheibriados.
             Killed from afar by Maggie (13 damage)
             ... with a bolt of fire
             ... on level 7 of the Dungeon.
             The game lasted 00:27:43 (8474 turns).

Cheops the Arsonist (Naga Fire Elementalist)        Turns: 8474, Time: 00:27:43

Health: -1/68      AC:  5    Str: 11    XL:     9   Next: 34%
Magic:  6/13       EV: 10    Int: 21    God:    Cheibriados [......]
Gold:   254        SH:  0    Dex: 25    Spells: 3/14 levels left

rFire   . . .        a - +3 flail (protect)
rCold   . . .        (no shield)
rNeg    . . .        r - +0 robe
rPois   +            (no helmet)
rElec   .            q - +0 cloak
rCorr   .            (no gloves)
SInv    +            (no barding)
Will    +....        (no amulet)
Stlth   +++          d - +6 ring of dexterity
HPRegen 0.31/turn    v - +6 ring of dexterity
MPRegen 0.13/turn

%: no passive effects
@: mesmerised, very slow
A: AC +3, large, see invisible, deformed body, poison resistance, slowness 2,
spit poison 1, naga tail 1
a: Spit Poison, Renounce Religion


You were on level 7 of the Dungeon.
You worshipped Cheibriados.
Cheibriados was noncommittal.
You visited 2 branches of the dungeon, and saw 8 of its levels.

You collected 408 gold pieces.
You spent 154 gold pieces at shops.

Inventory:

Hand Weapons
 a - a +3 flail of protection (weapon)
 b - a +2 flail of protection
 D - a +2 short sword of holy wrath
Armour
 q - a +0 cloak (worn)
 r - a +0 robe (worn)
Jewellery
 d - a +6 ring of dexterity (left hand)
 v - a +6 ring of dexterity (right hand)
 E - a +6 ring of strength
Wands
 m - a wand of light (8)
 o - a wand of digging (5)
 p - a wand of polymorph (9)
Scrolls
 g - 3 scrolls of fear {unknown}
 h - a scroll of magic mapping {unknown}
 i - a scroll of noise {unknown}
 j - a scroll of fog {unknown}
 k - a scroll of enchant armour
 n - 3 scrolls of teleportation {unknown}
 s - a scroll of amnesia
 w - 4 scrolls of immolation {unknown}
 y - 2 scrolls of enchant weapon
Potions
 c - 5 potions of flight
 e - a potion of berserk rage {unknown}
 f - 2 potions of heal wounds
 l - 5 potions of curing
 t - 2 potions of cancellation
 u - a potion of might
 x - 2 potions of brilliance
 z - 3 potions of attraction
 A - 3 potions of degeneration {unknown}
 B - 2 potions of lignification
 C - 2 potions of magic


   Skills:
 - Level 2.0 Maces & Flails
 - Level 1.5 Dodging
 - Level 3.0 Stealth
 - Level 3.0 Spellcasting
 + Level 8.0 Conjurations
 - Level 4.0 Summonings
 - Level 8.0 Fire Magic


You had 3 spell levels left.
You knew the following spells:

 Your Spells              Type           Power      Damage    Failure   Level
a - Foxfire               Conj/Fire      100%       2x1d9     1%          1
b - Scorch                Fire           72%        2d8       1%          2
w - Flame Wave            Conj/Fire      36%        2d10      4%          4
C - Call Canine Familiar  Summ           19%        N/A       8%          3
M - Summon Small Mammal   Summ           76%        N/A       2%          1

Your spell library contained the following spells:

 Spells                   Type           Power      Damage    Failure   Level
 Inner Flame              Hex/Fire       19%        N/A       8%          3
 Volatile Blastmotes      Fire/Tloc      38%        2d13      8%          3
 Sting                    Tmut/Pois      12%        1d3       13%         1
 Summon Guardian Golem    Hex/Summ       11%        N/A       17%         3
 Poisonous Vapours        Pois/Air       6%         N/A       21%         2
 Olgreb's Toxic Radiance  Pois           3%         N/A       78%         4
 Summon Cactus Giant      Summ           9%         N/A       98%         6


Dungeon Overview and Level Annotations

Branches:
Dungeon (7/15)             Temple (1/1) D:7

Altars:
Ashenzari
Cheibriados
Dithmenos
Elyvilon
Fedhas
Gozag
Hepliaklqana
Kikubaaqudgha
Nemelex Xobeh
Okawaru
Qazlal
Ru
Sif Muna
Uskayaw
Vehumet
Wu Jian
Xom
Zin

Shops:
D:5 !   D:6 [*:

Annotations:
D:4 up
D:5 Pikel
D:7 Maggie


Innate Abilities, Weirdness & Mutations

Your serpentine skin is tough. (AC +3)
You have supernaturally acute eyesight. (SInv)
Armour fits poorly on your strangely shaped body.
Your system is resistant to poisons. (rPois)
You cover ground very slowly.
You can spit poison.
You have a snake-like lower body.


Message History

g - Guard the area. f - Follow me.
Anything else - Cancel.
You shout for attention!
You hear a shout!
Maggie points at you and mumbles some strange words.
The bolt of fire hits you!!
You start resting.
Maggie is nearby!
Casting: Foxfire (safe; 1% risk of failure)
Confirm with . or Enter, or press ? or * to list all spells.
Flames lash Maggie.
Maggie is lightly wounded.
Maggie's fire resistance burns away.
Maggie casts a spell at you. The bolt of fire hits you!
* * * LOW HITPOINT WARNING * * *
Maggie barely misses you.
Maggie hits you from afar with a +0 halberd!
* * * LOW HITPOINT WARNING * * *
Maggie hits you with a +0 halberd.
* * * LOW HITPOINT WARNING * * *
Maggie misses you.
Casting: Scorch (safe; 1% risk of failure)
Confirm with . or Enter, or press ? or * to list all spells.
Flames lash Maggie.
Maggie is burned terribly!
Maggie is moderately wounded.
Maggie mumbles some strange words.
Maggie attempts to bespell you!
You are mesmerised by Maggie!
Casting: Scorch (safe; 1% risk of failure)
Confirm with . or Enter, or press ? or * to list all spells.
Flames lash Maggie.
Maggie is burned terribly!
Maggie is moderately wounded.
Maggie hits you with a +0 halberd!
* * * LOW HITPOINT WARNING * * *
Casting: Scorch (safe; 1% risk of failure)
Confirm with . or Enter, or press ? or * to list all spells.
Flames lash Maggie but do no damage.
Maggie gestures at you while chanting. The bolt of fire hits you!
You die...

.. .# .##. ..# #...
.... ##.# .#.# ..#.
... ... #. ...###.#
..#l###.
#.....##.##..... ####
#.#...@.....#...###...
#..?.@# #.........#.#.
###.#.# #.#....###.#.#
#...###.........#.#.
##......#.....##.#.#
#...#.#........#.#.
##....#...#####.#.#
#.####...# ##.#. #.##
#...#####.#.# #..#
##.......#.#.


You could see Maggie (mesmerising, combustible).

Vanquished Creatures
  Grinder (D:4)
  Sigmund (D:6)
  Eustachio (D:5)
  Menkaure (D:6)
  Edmund (D:6)
  An orc warrior (D:7)
  A sky beast (D:7)
  An ogre (D:5)
  2 centaurs
  2 lemures (D:4)
  A phantom (D:6)
  A nameless horror (D:4)
  2 scorpions
  A bullfrog (D:7)
  A gnoll sergeant (D:5)
  A howler monkey (D:7)
  3 hounds
  A jelly (D:7)
  5 orc priests
  Crazy Yiuf (D:3)
  Ijyb (D:5)
  Terence (D:3)
  4 iguanas
  6 adders
  8 gnolls
  A shadow imp (D:5)
  A white imp (D:7)
  An ufetubus (D:4)
  4 worms
  3 dart slugs (D:2)
  13 orcs
  7 endoplasms
  2 giant cockroaches
  8 goblins
  7 hobgoblins
  6 quokkas
  7 ball pythons
  3 bats
  2 frilled lizards (D:2)
  A kobold (D:4)
  6 rats
121 creatures vanquished.

Vanquished Creatures (collateral kills)
  2 orcs (D:4)
2 creatures vanquished.

Vanquished Creatures (others)
  355 foxfires
355 creatures vanquished.

Grand Total: 478 creatures vanquished

Notes
Turn   | Place    | Note
-------+----------+-------------------------------------------
     0 | D:1      | Cheops the Naga Fire Elementalist began the quest for the
                  | Orb.
     0 | D:1      | Reached XP level 1. HP: 15/15 MP: 3/3
   137 | D:1      | Reached XP level 2. HP: 22/22 MP: 1/5
   732 | D:1      | Reached XP level 3. HP: 28/28 MP: 4/7
   735 | D:1      | Learned a level 2 spell: Scorch
  1244 | D:2      | Found a broken altar of Ashenzari.
  2020 | D:2      | Learned a level 1 spell: Summon Small Mammal
  2024 | D:2      | Learned a level 3 spell: Call Canine Familiar
  2120 | D:3      | Reached XP level 4. HP: 36/36 MP: 6/8
  2399 | D:3      | Reached skill level 1 in Summonings
  2455 | D:3      | Found a runed translucent door.
  2456 | D:3      | Noticed Crazy Yiuf
  2484 | D:3      | Noticed Terence
  2490 | D:3      | Killed Terence
  2683 | D:3      | Reached XP level 5. HP: 42/42 MP: 7/9
  3247 | D:3      | Killed Crazy Yiuf
  3248 | D:3      | Reached XP level 6. HP: 27/49 MP: 7/10
  4037 | D:4      | Found a hide-covered altar of Uskayaw.
  4203 | D:4      | Learned a level 4 spell: Flame Wave
  4251 | D:5      | Entered Level 5 of the Dungeon
  4251 | D:5      | Noticed Eustachio
  4251 | D:5      | Found a blossoming altar of Fedhas.
  4256 | D:5      | Killed Eustachio
  4257 | D:5      | Reached skill level 5 in Conjurations
  4271 | D:5      | Reached XP level 7. HP: 55/55 MP: 1/11
  4467 | D:5      | Noticed Grinder
  4499 | D:5      | Found an opulent altar of Gozag.
  4499 | D:5      | Found a glowing silver altar of Zin.
  4631 | D:5      | Noticed Pikel
  4640 | D:4      | Noticed a nameless horror
  4790 | D:4      | Found a hide-covered altar of Uskayaw.
  4792 | D:4      | Found a radiant altar of Vehumet.
  4873 | D:4      | Killed a nameless horror
  5039 | D:4      | Found a hide-covered altar of Uskayaw.
  5041 | D:4      | Found a radiant altar of Vehumet.
  5118 | D:4      | Killed Grinder
  5119 | D:4      | Reached skill level 5 in Fire Magic
  5338 | D:5      | Noticed Ijyb
  5343 | D:5      | Killed Ijyb
  5802 | D:5      | Reached XP level 8. HP: 20/62 MP: 1/12
  6060 | D:5      | Found Ocsosmih's Distillery.
  6079 | D:5      | Bought a potion of heal wounds for 70 gold pieces
  6079 | D:5      | Bought a potion of lignification for 42 gold pieces
  6079 | D:5      | Bought a potion of flight for 42 gold pieces
  6608 | D:5      | Reached skill level 1 in Maces & Flails
  7086 | D:6      | Noticed Menkaure
  7092 | D:6      | Noticed Edmund
  7093 | D:6      | Killed Menkaure
  7102 | D:6      | Killed Edmund
  7137 | D:6      | Noticed Sigmund
  7180 | D:6      | Killed Sigmund
  7181 | D:6      | Reached XP level 9. HP: 61/68 MP: 0/13
  7340 | D:6      | Found Qaumaqoi's Book Shop.
  7359 | D:6      | Found Gash's General Store.
  7428 | D:6      | Found Gabosyle's Armour Shoppe.
  7471 | D:6      | Found a shadowy altar of Dithmenos.
  7841 | D:7      | Found a staircase to the Ecumenical Temple.
  7849 | Temple   | Entered the Ecumenical Temple
  8011 | Temple   | Became a worshipper of Cheibriados the Contemplative
  8462 | D:7      | Noticed Maggie
  8474 | D:7      | Killed from afar by Maggie

Illustrated notes

Levels and vault maps discovered:
D:1:      nzn_arrival_water_spiral, layout_basic
D:2:      layout_basic, basic_altar
D:3:      layout_loops_ring, cheibrodos_gnoll_hut, uniq_crazy_yiuf_cottage,
          uniq_terence
D:4:      layout_loops_ring, nicolae_overflow_hidden_temple
D:5:      layout_loops_cross, grunt_temple_overflow_gold_and_silver,
          mainiacjoe_overflow_catwalk, serial_shops, shop, uniq_eustachio,
          uniq_ijyb, uniq_pikel, uniq_grinder
D:6:      layout_loops_cross, lemuel_doored_altar, serial_shops, shop,
          nicolae_shop_trees, shop, gup_sewer_entry_glass, uniq_edmund,
          uniq_menkaure, uniq_sigmund
D:7:      layout_basic, grunt_temple_overflow_holy_war,
          minmay_temple_entry_sparse_star, serial_glass, glass_columns_a,
          glass_columns_c, minmay_fractal_squares_5, uniq_maggie, uniq_joseph
Temple:   hellmonk_temple_flake

Skill      XL: |  1  2  3  4  5  6  7  8  9 |
---------------+----------------------------+-----
Spellcasting   | 3 |  3.0
Conjurations   | 2 3 5 7 8 |  8.0
Summonings     | 2 4 |  4.0
Fire Magic     | 4 6 7 8 |  8.0
Maces & Flails | 2 |  2.0
Dodging        | |  1.5
Stealth        | |  3.0

Action                     |  1- 3 |  4- 6 |  7- 9 || total
---------------------------+-------+-------+-------++-------
  Melee: Unarmed           |     1 |     4 |       ||     5
         Dagger            |     9 |    13 |       ||    22
         Short sword       |       |     8 |    20 ||    28
         Flail             |       |       |     3 ||     3
   Cast: Foxfire           |    59 |    58 |    85 ||   202
         Scorch            |     3 |    13 |    53 ||    69
         Call Canine Famil |       |     1 |     2 ||     3
         Flame Wave        |       |       |     3 ||     3
Ability: Spit Poison       |     4 |     2 |     4 ||    10
  Evoke: Wand              |       |     2 |     4 ||     6
    Use: Scroll            |       |     8 |     3 ||    11
         Potion            |       |       |     2 ||     2
   Stab: Sleeping          |     1 |     1 |       ||     2
 Armour: Robe              |     4 |     6 |    28 ||    38
  Dodge: Dodged            |     6 |    30 |    65 ||   101
